Workbook
Name Bias: OFFSET('datos de partida'!$H$3,0,0,COUNTA('datos de partida'!$H:$H)-1,1)
Name correctio: 'datos de partida'!#REF!
Name correctio: 'datos de partida'!#REF!
Name correctio: 'datos de partida'!#REF!
Name correction: 'datos de partida'!#REF!
Name correction: 'datos de partida'!#REF!
Name correction: 'datos de partida'!#REF!
Name correction: 'datos de partida'!#REF!
Name cost: 'datos de partida'!#REF!
Name cost: 'datos de partida'!#REF!
Name cost: 'datos de partida'!#REF!
Name cost: 'datos de partida'!#REF!
Name Likelihood: 'datos de partida'!$K$3:$K$6
Name Occurrences: 'datos de partida'!#REF!
Name Occurrences: 'datos de partida'!#REF!
Name Occurrences: 'datos de partida'!#REF!
Name Occurrences: 'datos de partida'!#REF!
Name opprep: 'datos de partida'!#REF!
Name opprep: 'datos de partida'!#REF!
Name opprep: 'datos de partida'!#REF!
Name opprep: 'datos de partida'!#REF!
Name Party: OFFSET('Partes interesadas'!#REF!,0,0,COUNTA('Partes interesadas'!$A:$A)-1,1)
Name Party: OFFSET('Partes interesadas'!#REF!,0,0,COUNTA('Partes interesadas'!$A:$A)-1,1)
Name Party: OFFSET('Partes interesadas'!#REF!,0,0,COUNTA('Partes interesadas'!$A:$A)-1,1)
Name Party: OFFSET('Partes interesadas'!#REF!,0,0,COUNTA('Partes interesadas'!$A:$A)-1,1)
Name Potential: 'datos de partida'!$L$3:$L$6
Name Priority: OFFSET('datos de partida'!$F$3,0,0,COUNTA('datos de partida'!$F:$F)-1,1)
Name Process: OFFSET('datos de partida'!$I$3,0,0,COUNTA('datos de partida'!$I:$I)-1,1)
Name riskrep: 'datos de partida'!#REF!
Name riskrep: 'datos de partida'!#REF!
Name riskrep: 'datos de partida'!#REF!
Name riskrep: 'datos de partida'!#REF!
Name score: 'datos de partida'!#REF!
Name score: 'datos de partida'!#REF!
Name score: 'datos de partida'!#REF!
Name score: 'datos de partida'!#REF!
Name Success: 'datos de partida'!$O$3:$O$7
Name Treatment: OFFSET('datos de partida'!$G$3,0,0,COUNTA('datos de partida'!$G:$G)-1,1)
Name Type: OFFSET('datos de partida'!$E$3,0,0,COUNTA('datos de partida'!$E:$E)-1,1)
Name Violation: 'datos de partida'!$M$3:$M$7

Sheet MATRIZ DAFO
B1: PUNTOS FUERTES | C1: PUNTOS DÉBILES
A2: INTERNOS | B2: FORTALEZAS | C2: DEBILIDADES
B3: F1.- Conocimiento y experiencia en el sector | C3: D1.- No poder optar a contratos de mayor cuantía por ser una micropyme.
B4: F2.- Trato personalizado a nuestros clientes | C4: D2.- Bajo poder de negociación con los clientes.
B5: F3.- Respuesta comercial rápida | C5: D3.- Alta dependencia de grandes clientes.
B6: F4.- Todo el personal con formación específica del sector al día | C6: D4.- Baja dedicación a nuevas acciones comerciales.
B7: F5.- Precios competitivos al tener una estructura micropyme | C7: D5.- No disponemos de stock de referencias, trabajamos bajo pedido.
C8: D6.-Las tareas de trabajo críticas sólo son realizadas por personal específico.
A10: EXTERNOS | B10: OPORTUNIDADES | C10: AMENAZAS
B11: O1.- Potenciar imagen de marca | C11: A1.- Competencia muy agresiva
B12: O2.- Con la certificación ISO 9001:2015 se puede optar a participar en pliegos públicos y facilita la aprobación como proveedor de servicios de ingeniería y suministros por el resto de empresas del sector. | C12: A2.- Cambio en la legislación
B13: O3.- Abrir línea de negocio en instalaciones de sistemas en aeronaves | C13: A3.- Interrupción de la cadena de suministro
C14: A4.- Ataque e incidencias informáticas
C15: A5.- Desaceleración económica
C16: A6.- Situación política inestable

Sheet Partes interesadas
A1: Parte interesada | B1: Int / Ext | C1: Razón de la incorporación | D1: Interés de la parte interesada | E1: Interes de [TU EMPRESA] | F1: Influencia para [TU EMPRESA]
A2: Clientes | B2: Externo | C2: Compra nuestros servicios | D2: Dar cumplimiento al acabado de los trabajos demandados por el cliente. Entrega de los suministros según las urgencias y necesidades del cliente en cada envio. Mantener status en los procesos. | E2: Buena imagen de la empresa Proyectos rentables Beneficio económico Satisfacer las necesidades de los clientes | F2: Alta
A3: Empleado / Personal | B3: Interno | C3: Son la imagen de nuestra empresa, realizan las tareas contratadas por los clientes | D3: Remuneración por la labor realizada. Conocimientos necesarios para desarrollar el trabajo. | E3: Alto rendimiento Mantener alta la motivación de los empleados y su compromiso con la empresa | F3: Alta
A4: Proveedor y subcontratistas | B4: Externo | C4: Proporciona nuestras materias primas y servicios de apoyo críticos | D4: Pago de los servicios de acuerdo a las negociaciones con la empresa Dar continuidad a los contratos Exigencias de Calidad Exigir requisitos claramente definidos | E4: Calidad excelente Precios competitivos Abastecimiento seguro | F4: Alta
A5: Comunidad local | B5: Externo | C5: Impacto de nuestras actividades en la región | D5: Mínimo ruido generado Ninguna emisión en el aire Generación de empleo | E5: Buenas relaciones de vecindad Buena relación de la empresa con el entorno social | F5: Media
A6: Autoridad | B6: Externo | C6: Requisitos reglamentarios en orden | D6: Empleo Impuestos pagados Obligaciones legales al día | E6: Condiciones ventajosas Ayudas estatales Impuestos bajos | F6: Media

Sheet Registro de riesgos
A1: Nº | B1: Referencia | C1: Proceso | D1: Riesgo | E1: Probabilidad (de que ocurra el riesgo) | F1: Consecuencia (si el riesgo fuese encontrado) 1-LEVE 2-MODERADO 3-GRAVE 4-MUY GRAVE | J1: Cons. Rating | K1: Factor de riesgo (Probabilidad x Consecuencia) | L1: Plan de mitigación | M1: Factor de riesgo después del plan de mitigación | N1: Comentarios
E2: 1-IMPROBABLE 2-POCO PROBABLE 3-PROBABLE 4-ALTAMENTE PROBABLE | F2: COMERCIAL | G2: FINANCIERO | H2: CAPACIDAD OPERATIVA | I2: LEGAL | L2: ='datos de partida'!Q19 -> (Requerido para factor de riesgo >=12sugerido para factor de riesgo entre 6 and 12)
A3: 1 | B3: DAFO D1 | D3: D1.- No poder optar a contratos de mayor cuantía por ser una micropyme | E3: 4 | F3: Muy grave | G3: Grave | H3: Grave | I3: Leve | J3: =IF($F3="","",(AVERAGE(VLOOKUP($F3,'datos de partida'!$M$2:$N$7,2,0),VLOOKUP($G3,'datos de partida'!$M$2:$N$7,2,0),VLOOKUP($H3,'datos de partida'!$M$2:$N$7,2,0),VLOOKUP($I3,'datos de partida'!$M$2:$N$7,2,0)))) -> 2.75 | K3: =E3*J3 -> 11 | L3: Ninguna Acción: Aceptar Riesgo por Decisión de la Dirección
A4: 2 | B4: DAFO D2 | C4: PS-01 Gestión comercial | D4: D2.- Bajo poder de negociación con los clientes | E4: 4 | F4: Muy grave | G4: Grave | H4: Moderado | I4: Leve | J4: =IF($F4="","",(AVERAGE(VLOOKUP($F4,'datos de partida'!$M$2:$N$7,2,0),VLOOKUP($G4,'datos de partida'!$M$2:$N$7,2,0),VLOOKUP($H4,'datos de partida'!$M$2:$N$7,2,0),VLOOKUP($I4,'datos de partida'!$M$2:$N$7,2,0)))) -> 2.5 | K4: =E4*J4 -> 10 | L4: Ninguna Acción: Aceptar Riesgo por Decisión de la Dirección
A5: 3 | B5: DAFO D3 | C5: PS-01 Gestión comercial | D5: D3.- Alta dependencia de grandes clientes. | E5: 4 | F5: Muy grave | G5: Muy grave | H5: Grave | I5: Leve | J5: =IF($F5="","",(AVERAGE(VLOOKUP($F5,'datos de partida'!$M$2:$N$7,2,0),VLOOKUP($G5,'datos de partida'!$M$2:$N$7,2,0),VLOOKUP($H5,'datos de partida'!$M$2:$N$7,2,0),VLOOKUP($I5,'datos de partida'!$M$2:$N$7,2,0)))) -> 3 | K5: =E5*J5 -> 12 | L5: Ver plan de mitigación planificado en la ficha de riesgo | M5: 11 | N5: Se continuará trabajando en este 2019 con este plan de mitigación
A6: 4 | B6: DAFO D4 | C6: PS-01 Gestión comercial | D6: D4.- Baja dedicación a nuevas acciones comerciales. | E6: 4 | F6: Muy grave | G6: Muy grave | H6: Grave | I6: Leve | J6: =IF($F6="","",(AVERAGE(VLOOKUP($F6,'datos de partida'!$M$2:$N$7,2,0),VLOOKUP($G6,'datos de partida'!$M$2:$N$7,2,0),VLOOKUP($H6,'datos de partida'!$M$2:$N$7,2,0),VLOOKUP($I6,'datos de partida'!$M$2:$N$7,2,0)))) -> 3 | K6: =E6*J6 -> 12 | L6: Ver plan de mitigación planificado en la ficha de riesgo | M6: 9 | N6: Se continuará trabajando en este 2019 con este plan de mitigación
A7: 5 | B7: DAFO D5 | C7: PO-04 Gestión de las compras | D7: D5.- No disponemos de stock de referencias, trabajamos bajo pedido | E7: 2 | F7: Muy grave | G7: Grave | H7: Muy grave | I7: Leve | J7: =IF($F7="","",(AVERAGE(VLOOKUP($F7,'datos de partida'!$M$2:$N$7,2,0),VLOOKUP($G7,'datos de partida'!$M$2:$N$7,2,0),VLOOKUP($H7,'datos de partida'!$M$2:$N$7,2,0),VLOOKUP($I7,'datos de partida'!$M$2:$N$7,2,0)))) -> 3 | K7: =E7*J7 -> 6 | L7: Ninguna Acción: Aceptar Riesgo por Decisión de la Dirección
A8: 6 | B8: DAFO D6 | C8: PO-03 Instalación de sistemas | D8: D6.-Las tareas de trabajo críticas sólo son realizadas por personal específico. | E8: 4 | F8: Moderado | G8: Moderado | H8: Muy grave | I8: Leve | J8: =IF($F8="","",(AVERAGE(VLOOKUP($F8,'datos de partida'!$M$2:$N$7,2,0),VLOOKUP($G8,'datos de partida'!$M$2:$N$7,2,0),VLOOKUP($H8,'datos de partida'!$M$2:$N$7,2,0),VLOOKUP($I8,'datos de partida'!$M$2:$N$7,2,0)))) -> 2.25 | K8: =E8*J8 -> 9 | L8: Ninguna Acción: Aceptar Riesgo por Decisión de la Dirección
A9: 7 | B9: DAFO A1 | C9: Todos los procesos | D9: A1.- Competencia muy agresiva | E9: 3 | F9: Grave | G9: Grave | H9: Grave | I9: Leve | J9: =IF($F9="","",(AVERAGE(VLOOKUP($F9,'datos de partida'!$M$2:$N$7,2,0),VLOOKUP($G9,'datos de partida'!$M$2:$N$7,2,0),VLOOKUP($H9,'datos de partida'!$M$2:$N$7,2,0),VLOOKUP($I9,'datos de partida'!$M$2:$N$7,2,0)))) -> 2.5 | K9: =E9*J9 -> 7.5 | L9: Ninguna Acción: Aceptar Riesgo por Decisión de la Dirección
A10: 8 | B10: DAFO A2 | D10: A2.- Cambio en la legislación | E10: 2 | F10: Moderado | G10: Leve | H10: Leve | I10: Leve | J10: =IF($F10="","",(AVERAGE(VLOOKUP($F10,'datos de partida'!$M$2:$N$7,2,0),VLOOKUP($G10,'datos de partida'!$M$2:$N$7,2,0),VLOOKUP($H10,'datos de partida'!$M$2:$N$7,2,0),VLOOKUP($I10,'datos de partida'!$M$2:$N$7,2,0)))) -> 1.25 | K10: =E10*J10 -> 2.5 | L10: Ninguna Acción: Aceptar Riesgo por Decisión de la Dirección
A11: 9 | B11: DAFO A3 | C11: PO-04 Gestión de las compras | D11: A3.- Interrupción de la cadena de suministro | E11: 3 | F11: Grave | G11: Muy grave | H11: Muy grave | I11: Moderado | J11: =IF($F11="","",(AVERAGE(VLOOKUP($F11,'datos de partida'!$M$2:$N$7,2,0),VLOOKUP($G11,'datos de partida'!$M$2:$N$7,2,0),VLOOKUP($H11,'datos de partida'!$M$2:$N$7,2,0),VLOOKUP($I11,'datos de partida'!$M$2:$N$7,2,0)))) -> 3.25 | K11: =E11*J11 -> 9.75 | L11: Ninguna Acción: Aceptar Riesgo por Decisión de la Dirección
A12: 10 | B12: DAFO A4 | D12: A4.- Ataque e incidencias informáticas | E12: 1 | F12: Moderado | G12: Grave | H12: Grave | I12: Leve | J12: =IF($F12="","",(AVERAGE(VLOOKUP($F12,'datos de partida'!$M$2:$N$7,2,0),VLOOKUP($G12,'datos de partida'!$M$2:$N$7,2,0),VLOOKUP($H12,'datos de partida'!$M$2:$N$7,2,0),VLOOKUP($I12,'datos de partida'!$M$2:$N$7,2,0)))) -> 2.25 | K12: =E12*J12 -> 2.25 | L12: Ninguna Acción: Aceptar Riesgo por Decisión de la Dirección
A13: 11 | B13: DAFO A5 | D13: A5.- Desaceleración económica | E13: 3 | F13: Grave | G13: Grave | H13: Grave | I13: Leve | J13: =IF($F13="","",(AVERAGE(VLOOKUP($F13,'datos de partida'!$M$2:$N$7,2,0),VLOOKUP($G13,'datos de partida'!$M$2:$N$7,2,0),VLOOKUP($H13,'datos de partida'!$M$2:$N$7,2,0),VLOOKUP($I13,'datos de partida'!$M$2:$N$7,2,0)))) -> 2.5 | K13: =E13*J13 -> 7.5 | L13: Ninguna Acción: Aceptar Riesgo por Decisión de la Dirección
A14: 12 | B14: DAFO A6 | D14: A6.- Situación política inestable | E14: 3 | F14: Grave | G14: Grave | H14: Moderado | I14: Moderado | J14: =IF($F14="","",(AVERAGE(VLOOKUP($F14,'datos de partida'!$M$2:$N$7,2,0),VLOOKUP($G14,'datos de partida'!$M$2:$N$7,2,0),VLOOKUP($H14,'datos de partida'!$M$2:$N$7,2,0),VLOOKUP($I14,'datos de partida'!$M$2:$N$7,2,0)))) -> 2.5 | K14: =E14*J14 -> 7.5 | L14: Ninguna Acción: Aceptar Riesgo por Decisión de la Dirección
A15: 13 | B15: Análisis de partes interesadas: Cliente | C15: PO-02 Diseño y desarrollo PO-03 Instalación de sistemas | D15: Incumplimiento en los plazos de entrega y requisitos del cliente | E15: 4 | F15: Muy grave | G15: Grave | H15: Grave | I15: Leve | J15: =IF($F15="","",(AVERAGE(VLOOKUP($F15,'datos de partida'!$M$2:$N$7,2,0),VLOOKUP($G15,'datos de partida'!$M$2:$N$7,2,0),VLOOKUP($H15,'datos de partida'!$M$2:$N$7,2,0),VLOOKUP($I15,'datos de partida'!$M$2:$N$7,2,0)))) -> 2.75 | K15: =E15*J15 -> 11 | L15: Ninguna Acción: Aceptar Riesgo por Decisión de la Dirección
A16: 14 | B16: Análisis de partes interesadas: Empleados | D16: Inestabilidad laboral para empleados | E16: 2 | F16: Leve | G16: Leve | H16: Grave | I16: Moderado | J16: =IF($F16="","",(AVERAGE(VLOOKUP($F16,'datos de partida'!$M$2:$N$7,2,0),VLOOKUP($G16,'datos de partida'!$M$2:$N$7,2,0),VLOOKUP($H16,'datos de partida'!$M$2:$N$7,2,0),VLOOKUP($I16,'datos de partida'!$M$2:$N$7,2,0)))) -> 1.75 | K16: =E16*J16 -> 3.5 | L16: Ninguna Acción: Aceptar Riesgo por Decisión de la Dirección
A17: 15 | B17: Análisis de partes interesadas: Empleados | D17: No respeto de los derechos de los trabajadores | E17: 1 | F17: Leve | G17: Leve | H17: Grave | I17: Muy grave | J17: =IF($F17="","",(AVERAGE(VLOOKUP($F17,'datos de partida'!$M$2:$N$7,2,0),VLOOKUP($G17,'datos de partida'!$M$2:$N$7,2,0),VLOOKUP($H17,'datos de partida'!$M$2:$N$7,2,0),VLOOKUP($I17,'datos de partida'!$M$2:$N$7,2,0)))) -> 2.25 | K17: =E17*J17 -> 2.25 | L17: Ninguna Acción: Aceptar Riesgo por Decisión de la Dirección
A18: 16 | B18: Análisis de partes interesadas: Empleados | D18: Ambiente de trabajo no seguro y poco saludable | E18: 2 | F18: Leve | G18: Leve | H18: Muy grave | I18: Muy grave | J18: =IF($F18="","",(AVERAGE(VLOOKUP($F18,'datos de partida'!$M$2:$N$7,2,0),VLOOKUP($G18,'datos de partida'!$M$2:$N$7,2,0),VLOOKUP($H18,'datos de partida'!$M$2:$N$7,2,0),VLOOKUP($I18,'datos de partida'!$M$2:$N$7,2,0)))) -> 2.5 | K18: =E18*J18 -> 5 | L18: Ninguna Acción: Aceptar Riesgo por Decisión de la Dirección
A19: 17 | B19: Análisis de partes interesadas: Proveedores | D19: Procesos de selección sin transparencia | E19: 2 | F19: Leve | G19: Moderado | H19: Moderado | I19: Grave | J19: =IF($F19="","",(AVERAGE(VLOOKUP($F19,'datos de partida'!$M$2:$N$7,2,0),VLOOKUP($G19,'datos de partida'!$M$2:$N$7,2,0),VLOOKUP($H19,'datos de partida'!$M$2:$N$7,2,0),VLOOKUP($I19,'datos de partida'!$M$2:$N$7,2,0)))) -> 2 | K19: =E19*J19 -> 4 | L19: Ninguna Acción: Aceptar Riesgo por Decisión de la Dirección
A20: 18 | B20: Análisis de partes interesadas: Proveedores externos | C20: PS-04 Gestión financiera | D20: Incumplimiento en los pagos a proveedores | E20: 2 | F20: Leve | G20: Muy grave | H20: Muy grave | I20: Grave | J20: =IF($F20="","",(AVERAGE(VLOOKUP($F20,'datos de partida'!$M$2:$N$7,2,0),VLOOKUP($G20,'datos de partida'!$M$2:$N$7,2,0),VLOOKUP($H20,'datos de partida'!$M$2:$N$7,2,0),VLOOKUP($I20,'datos de partida'!$M$2:$N$7,2,0)))) -> 3 | K20: =E20*J20 -> 6 | L20: Ninguna Acción: Aceptar Riesgo por Decisión de la Dirección
A21: 19 | B21: Análisis de partes interesadas:Comunidad local | C21: PS-04 Gestión financiera | D21: No realizar las contribuciones fiscales pertinentes | E21: 1 | F21: Leve | G21: Leve | H21: Grave | I21: Muy grave | J21: =IF($F21="","",(AVERAGE(VLOOKUP($F21,'datos de partida'!$M$2:$N$7,2,0),VLOOKUP($G21,'datos de partida'!$M$2:$N$7,2,0),VLOOKUP($H21,'datos de partida'!$M$2:$N$7,2,0),VLOOKUP($I21,'datos de partida'!$M$2:$N$7,2,0)))) -> 2.25 | K21: =E21*J21 -> 2.25 | L21: Ninguna Acción: Aceptar Riesgo por Decisión de la Dirección
A22: 20 | B22: Análisis de partes interesadas:Comunidad local | D22: No contribuir en la generación de empleo de la localidad | E22: 2 | F22: Leve | G22: Leve | H22: Moderado | I22: Leve | J22: =IF($F22="","",(AVERAGE(VLOOKUP($F22,'datos de partida'!$M$2:$N$7,2,0),VLOOKUP($G22,'datos de partida'!$M$2:$N$7,2,0),VLOOKUP($H22,'datos de partida'!$M$2:$N$7,2,0),VLOOKUP($I22,'datos de partida'!$M$2:$N$7,2,0)))) -> 1.25 | K22: =E22*J22 -> 2.5 | L22: Ninguna Acción: Aceptar Riesgo por Decisión de la Dirección
A23: 21 | B23: Proceso | C23: PO-03 Instalación de sistemas | D23: Herramientas y equipos fuera de servicio | E23: 2 | F23: Moderado | G23: Grave | H23: Muy grave | I23: Leve | J23: =IF($F23="","",(AVERAGE(VLOOKUP($F23,'datos de partida'!$M$2:$N$7,2,0),VLOOKUP($G23,'datos de partida'!$M$2:$N$7,2,0),VLOOKUP($H23,'datos de partida'!$M$2:$N$7,2,0),VLOOKUP($I23,'datos de partida'!$M$2:$N$7,2,0)))) -> 2.5 | K23: =E23*J23 -> 5 | L23: Ninguna Acción: Aceptar Riesgo por Decisión de la Dirección
A24: 22 | B24: Proceso | C24: PE-01 Planificación del SGC | D24: No cubrir todos los requisitos de la norma ISO 9001:2015 | E24: 3 | F24: Leve | G24: Leve | H24: Grave | I24: Leve | J24: =IF($F24="","",(AVERAGE(VLOOKUP($F24,'datos de partida'!$M$2:$N$7,2,0),VLOOKUP($G24,'datos de partida'!$M$2:$N$7,2,0),VLOOKUP($H24,'datos de partida'!$M$2:$N$7,2,0),VLOOKUP($I24,'datos de partida'!$M$2:$N$7,2,0)))) -> 1.5 | K24: =E24*J24 -> 4.5 | L24: Ninguna Acción: Aceptar Riesgo por Decisión de la Dirección
A25: 23 | B25: Proceso | C25: PE-02 Gestion de las no conformidades | D25: No solventar en tiempo las incidencias del cliente | E25: 3 | F25: Leve | G25: Moderado | H25: Grave | I25: Leve | J25: =IF($F25="","",(AVERAGE(VLOOKUP($F25,'datos de partida'!$M$2:$N$7,2,0),VLOOKUP($G25,'datos de partida'!$M$2:$N$7,2,0),VLOOKUP($H25,'datos de partida'!$M$2:$N$7,2,0),VLOOKUP($I25,'datos de partida'!$M$2:$N$7,2,0)))) -> 1.75 | K25: =E25*J25 -> 5.25 | L25: Ninguna Acción: Aceptar Riesgo por Decisión de la Dirección
A26: 24 | B26: Proceso | C26: PE-03 Mejora continua | D26: Elevadas reclamaciones de clientes | E26: 2 | F26: Moderado | G26: Moderado | H26: Grave | I26: Moderado | J26: =IF($F26="","",(AVERAGE(VLOOKUP($F26,'datos de partida'!$M$2:$N$7,2,0),VLOOKUP($G26,'datos de partida'!$M$2:$N$7,2,0),VLOOKUP($H26,'datos de partida'!$M$2:$N$7,2,0),VLOOKUP($I26,'datos de partida'!$M$2:$N$7,2,0)))) -> 2.25 | K26: =E26*J26 -> 4.5 | L26: Ninguna Acción: Aceptar Riesgo por Decisión de la Dirección
A27: 25 | B27: Proceso | C27: PE-03 Mejora continua | D27: Desmotivación del personal | E27: 3 | F27: Leve | G27: Moderado | H27: Grave | I27: Leve | J27: =IF($F27="","",(AVERAGE(VLOOKUP($F27,'datos de partida'!$M$2:$N$7,2,0),VLOOKUP($G27,'datos de partida'!$M$2:$N$7,2,0),VLOOKUP($H27,'datos de partida'!$M$2:$N$7,2,0),VLOOKUP($I27,'datos de partida'!$M$2:$N$7,2,0)))) -> 1.75 | K27: =E27*J27 -> 5.25 | L27: Ninguna Acción: Aceptar Riesgo por Decisión de la Dirección
A28: 26 | B28: Proceso | C28: PO-01 Gestión de pedidos y contratos con el cliente | D28: Traspapelar los pedidos de los clientes | E28: 2 | F28: Muy grave | G28: Moderado | H28: Moderado | I28: Leve | J28: =IF($F28="","",(AVERAGE(VLOOKUP($F28,'datos de partida'!$M$2:$N$7,2,0),VLOOKUP($G28,'datos de partida'!$M$2:$N$7,2,0),VLOOKUP($H28,'datos de partida'!$M$2:$N$7,2,0),VLOOKUP($I28,'datos de partida'!$M$2:$N$7,2,0)))) -> 2.25 | K28: =E28*J28 -> 4.5 | L28: Ninguna Acción: Aceptar Riesgo por Decisión de la Dirección
A29: 27 | B29: Proceso | C29: PO-01 Gestión de pedidos y contratos con el cliente | D29: Mal entendido de los alcances de los trabajos realizados por la empresa | E29: 3 | F29: Moderado | G29: Moderado | H29: Muy grave | I29: Moderado | J29: =IF($F29="","",(AVERAGE(VLOOKUP($F29,'datos de partida'!$M$2:$N$7,2,0),VLOOKUP($G29,'datos de partida'!$M$2:$N$7,2,0),VLOOKUP($H29,'datos de partida'!$M$2:$N$7,2,0),VLOOKUP($I29,'datos de partida'!$M$2:$N$7,2,0)))) -> 2.5 | K29: =E29*J29 -> 7.5 | L29: Ninguna Acción: Aceptar Riesgo por Decisión de la Dirección
A30: 28 | B30: Proceso | C30: PS-01 Gestión comercial | D30: Perder oportunidades por no atender correctamente a los clientes | E30: 3 | F30: Grave | G30: Grave | H30: Moderado | I30: Leve | J30: =IF($F30="","",(AVERAGE(VLOOKUP($F30,'datos de partida'!$M$2:$N$7,2,0),VLOOKUP($G30,'datos de partida'!$M$2:$N$7,2,0),VLOOKUP($H30,'datos de partida'!$M$2:$N$7,2,0),VLOOKUP($I30,'datos de partida'!$M$2:$N$7,2,0)))) -> 2.25 | K30: =E30*J30 -> 6.75 | L30: Ninguna Acción: Aceptar Riesgo por Decisión de la Dirección
A31: 29 | B31: Proceso | C31: PS-01 Gestión comercial | D31: No valorar todas las ofertas de clientes | E31: 3 | F31: Muy grave | G31: Grave | H31: Moderado | I31: Leve | J31: =IF($F31="","",(AVERAGE(VLOOKUP($F31,'datos de partida'!$M$2:$N$7,2,0),VLOOKUP($G31,'datos de partida'!$M$2:$N$7,2,0),VLOOKUP($H31,'datos de partida'!$M$2:$N$7,2,0),VLOOKUP($I31,'datos de partida'!$M$2:$N$7,2,0)))) -> 2.5 | K31: =E31*J31 -> 7.5 | L31: Ninguna Acción: Aceptar Riesgo por Decisión de la Dirección
A32: 30 | B32: Proceso | C32: PS-02 Gestión y control de la información documentada | D32: Errores en procesos por no disponer de documentación actualizada | E32: 2 | F32: Grave | G32: Muy grave | H32: Muy grave | I32: Leve | J32: =IF($F32="","",(AVERAGE(VLOOKUP($F32,'datos de partida'!$M$2:$N$7,2,0),VLOOKUP($G32,'datos de partida'!$M$2:$N$7,2,0),VLOOKUP($H32,'datos de partida'!$M$2:$N$7,2,0),VLOOKUP($I32,'datos de partida'!$M$2:$N$7,2,0)))) -> 3 | K32: =E32*J32 -> 6 | L32: Ninguna Acción: Aceptar Riesgo por Decisión de la Dirección
A33: 31 | B33: Proceso | C33: PS-03 Formación y competencia profesional | D33: Incidencias por falta de competencias del personal | E33: 2 | F33: Grave | G33: Muy grave | H33: Muy grave | I33: Moderado | J33: =IF($F33="","",(AVERAGE(VLOOKUP($F33,'datos de partida'!$M$2:$N$7,2,0),VLOOKUP($G33,'datos de partida'!$M$2:$N$7,2,0),VLOOKUP($H33,'datos de partida'!$M$2:$N$7,2,0),VLOOKUP($I33,'datos de partida'!$M$2:$N$7,2,0)))) -> 3.25 | K33: =E33*J33 -> 6.5 | L33: Ninguna Acción: Aceptar Riesgo por Decisión de la Dirección
A34: 32 | B34: Proceso | C34: PS-04 Gestión financiera | D34: Pérdida de proveedores | E34: 2 | F34: Muy grave | G34: Muy grave | H34: Muy grave | I34: Moderado | J34: =IF($F34="","",(AVERAGE(VLOOKUP($F34,'datos de partida'!$M$2:$N$7,2,0),VLOOKUP($G34,'datos de partida'!$M$2:$N$7,2,0),VLOOKUP($H34,'datos de partida'!$M$2:$N$7,2,0),VLOOKUP($I34,'datos de partida'!$M$2:$N$7,2,0)))) -> 3.5 | K34: =E34*J34 -> 7 | L34: Ninguna Acción: Aceptar Riesgo por Decisión de la Dirección
A35: 33 | B35: Proceso | C35: PS-04 Gestión financiera | D35: Impago de clientes | E35: 3 | F35: Grave | G35: Muy grave | H35: Muy grave | I35: Leve | J35: =IF($F35="","",(AVERAGE(VLOOKUP($F35,'datos de partida'!$M$2:$N$7,2,0),VLOOKUP($G35,'datos de partida'!$M$2:$N$7,2,0),VLOOKUP($H35,'datos de partida'!$M$2:$N$7,2,0),VLOOKUP($I35,'datos de partida'!$M$2:$N$7,2,0)))) -> 3 | K35: =E35*J35 -> 9 | L35: Ninguna Acción: Aceptar Riesgo por Decisión de la Dirección
A36: 34 | B36: Proceso | C36: PS-04 Gestión financiera | D36: Gasto mayor del previsto | E36: 2 | F36: Moderado | G36: Muy grave | H36: Muy grave | I36: Leve | J36: =IF($F36="","",(AVERAGE(VLOOKUP($F36,'datos de partida'!$M$2:$N$7,2,0),VLOOKUP($G36,'datos de partida'!$M$2:$N$7,2,0),VLOOKUP($H36,'datos de partida'!$M$2:$N$7,2,0),VLOOKUP($I36,'datos de partida'!$M$2:$N$7,2,0)))) -> 2.75 | K36: =E36*J36 -> 5.5

Sheet Plan riesgo 3 y 4
B1: NUMERO DE RIESGO | C1: 3
C4: REFERENCIA DEL RIESGO | D4: =C1 -> 3
C5: DESCRIPCIÓN DEL RIESGO | D5: =VLOOKUP(C1,'Registro de riesgos'!A:D,4,0) -> D3.- Alta dependencia de grandes clientes.
C6: ANÁLISIS DE LAS CAUSAS
C7: El 80% de la facturación depende de dos grandes empresas.
C13: POSIBLES CONSECUENCIAS DEL RIESGO
C14: Pérdida de nuevas oportunidades de negocio La gran dependencia de sólo dos cliente supone un alto riesgo si se pierde cualquiera de los dos.
C19: PLAN DE MEJORA
C20: Descripción de la acción | F20: Fecha | G20: Responsable
C21: Reasignación de tareas comerciales al personal | F21: 43388 | G21: Dirección Comercial
C22: Crear un plan comercial | F22: 43524 | G22: Dirección General
C23: Ampliar servicios ofrecidos ejemplo: Nueva línea de instalaciones de sistemas aeronáuticos Ver OPP 3) | F23: 43496 | G23: Dirección General
C24: Implantación de un nuevo CRM | F24: 43585 | G24: Dirección Comercial
C29: REVISION DEL PLAN DE MEJORA | F29: Fecha | G29: Responsable
C30: Reunión de seguimiento de los puntos mejorados impresiones y comentarios | F30: 43738 | G30: C. Benavides
C32: VERIFICACIÓN DE LA EFECTIVIDAD DEL PLAN DE MEJORA
C34: Responsable | F34: Fecha | G34: Firma

Sheet Registro de oportunidades
D1: RIESGOS DE OPORTUNIDADES
A2: Ref | B2: Proceso | C2: Oportunidad | D2: Probabilidad (de lograr la oportunidad) Probabilidad (de que ocurra el riesgo) 1-IMPROBABLE 2-POCO PROBABLE 3-PROBABLE 4-ALTAMENTE PROBABLE | E2: Beneficio (si se encuentra una oportunidad) | I2: Ben. Rating | J2: Opp Factor (Prob x Ben) | K2: ='datos de partida'!Q25 -> Plan de búsqueda de oportunidades (sugerido para Opp con factor >=)12 referencia del documento de planificación externa | L2: ¿Éxito post-implementación? | M2: Estado
E3: BENEFICIO COMERCIAL | F3: BENEFICIO FINANCIERO | G3: BENEFICIO EN SGC | H3: MEJORA EN LA SATISFACCIÓN DE LAS LEYES
A4: 1 | C4: O1.- Potenciar imagen de marca | D4: 3 | E4: Moderado | F4: Grande | G4: Moderado | H4: Menor | I4: =IF($E4="","",(AVERAGE(VLOOKUP($E4,'datos de partida'!$L$2:$N$7,3,0),VLOOKUP($F4,'datos de partida'!$L$2:$N$7,3,0),VLOOKUP($G4,'datos de partida'!$L$2:$N$7,3,0),VLOOKUP($H4,'datos de partida'!$L$2:$N$7,3,0)))) -> 2 | J4: =I4*D4 -> 6
A5: 2 | B5: PS-01 Gestión comercial | C5: O2.- Con la certificación ISO 9001:2015 se puede optar a participar en pliegos públicos y facilita la aprobación como proveedor de servicios de ingeniería y suministros por el resto de empresas del sector. | D5: 4 | E5: Muy grande | F5: Muy grande | G5: Muy grande | H5: Menor | I5: =IF($E5="","",(AVERAGE(VLOOKUP($E5,'datos de partida'!$L$2:$N$7,3,0),VLOOKUP($F5,'datos de partida'!$L$2:$N$7,3,0),VLOOKUP($G5,'datos de partida'!$L$2:$N$7,3,0),VLOOKUP($H5,'datos de partida'!$L$2:$N$7,3,0)))) -> 3.25 | J5: =I5*D5 -> 13 | L5: Cumple con todas las expectativas | M5: OPEN
A6: 3 | B6: PS-01 Gestión comercial | C6: O3.- Abrir línea de negocio en instalaciones de sistemas aeronáuticos | D6: 4 | E6: Muy grande | F6: Muy grande | G6: Moderado | H6: Menor | I6: =IF($E6="","",(AVERAGE(VLOOKUP($E6,'datos de partida'!$L$2:$N$7,3,0),VLOOKUP($F6,'datos de partida'!$L$2:$N$7,3,0),VLOOKUP($G6,'datos de partida'!$L$2:$N$7,3,0),VLOOKUP($H6,'datos de partida'!$L$2:$N$7,3,0)))) -> 2.75 | J6: =I6*D6 -> 11 | L6: Cumple con todas las expectativas | M6: OPEN
A7: 4 | I7: =IF($E7="","",(AVERAGE(VLOOKUP($E7,'datos de partida'!$L$2:$N$7,3,0),VLOOKUP($F7,'datos de partida'!$L$2:$N$7,3,0),VLOOKUP($G7,'datos de partida'!$L$2:$N$7,3,0),VLOOKUP($H7,'datos de partida'!$L$2:$N$7,3,0))))
A8: 5 | I8: =IF($E8="","",(AVERAGE(VLOOKUP($E8,'datos de partida'!$L$2:$N$7,3,0),VLOOKUP($F8,'datos de partida'!$L$2:$N$7,3,0),VLOOKUP($G8,'datos de partida'!$L$2:$N$7,3,0),VLOOKUP($H8,'datos de partida'!$L$2:$N$7,3,0))))
A9: 6 | I9: =IF($E9="","",(AVERAGE(VLOOKUP($E9,'datos de partida'!$L$2:$N$7,3,0),VLOOKUP($F9,'datos de partida'!$L$2:$N$7,3,0),VLOOKUP($G9,'datos de partida'!$L$2:$N$7,3,0),VLOOKUP($H9,'datos de partida'!$L$2:$N$7,3,0))))

Sheet Plan opp 2
B1: NUMERO DE OPORTUNIDAD | C1: 2
C4: REFERENCIA DE LA OPORTUNIDAD | D4: =C1 -> 2
C5: PRINCIPAL PROCESO INVOLUCRADO | D5: ='Registro de oportunidades'!B5 -> PS-01 Gestión comercial
C6: DESCRIPCIÓN DE LA OPORTUNIDAD
C7: ='Registro de oportunidades'!C5 -> O2.- Con la certificación ISO 9001:2015 se puede optar a participar en pliegos públicos y facilita la aprobación como proveedor de servicios de ingeniería y suministros por el resto de empresas del sector.
C13: POSIBLES MEJORAS PARA LA EMPRESA
C14: Opción de participar en nuevas areas de negocio y conseguir la aprobación como proveedor aprobados para trabajar con empresas del sector.
C19: PLAN DE BÚSQUEDA DE LA OPORTUNIDAD
C20: Descripción de la acción | F20: Fecha | G20: Responsable
C21: Incoporar a un nuevo recurso que realice las tareas de Calidad e implantación de la norma ISO 9001:2015 | F21: 43435 | G21: Dirección Comercial
C22: Planificación y puesta en marcha de las acciones necesarias para certificar a TU EMPRESA | F22: 43554 | G22: Responsable de Calidad
C23: Conseguir certificación ISO 9001:2015 | F23: 43570 | G23: Responsable de Calidad
C24: Comunicación a clientes y empresas del sector, incluir como argumento en la estrategia comercial | F24: 43570 | G24: Dirección Comercial
C28: REVISION DEL PLAN DE OPORTUNIDAD | F28: Fecha | G28: Responsable
C29: Reunión de seguimiento de los puntos mejorados impresiones y comentarios | F29: 43728 | G29: Responsable de Calidad
C31: VERIFICACIÓN DE LA EFECTIVIDAD DEL PLAN DE OPORTUNIDAD
C33: Responsable | F33: Fecha | G33: Firma

Sheet Plan opp 3
B1: NUMERO DE OPORTUNIDAD | C1: 3
C4: REFERENCIA DE LA OPORTUNIDAD | D4: =C1 -> 3
C5: PRINCIPAL PROCESO INVOLUCRADO | D5: =VLOOKUP(C1,'Registro de oportunidades'!A:C,3,0) -> O3.- Abrir línea de negocio en instalaciones de sistemas aeronáuticos
C6: DESCRIPCIÓN DE LA OPORTUNIDAD
C7: =VLOOKUP(C1,'Registro de oportunidades'!A:C,2,0) -> PS-01 Gestión comercial
C13: POSIBLES MEJORAS PARA LA EMPRESA
C14: Crecimiento para la empresa Aumento de cartera de clientes diversificación en el sector
C19: PLAN DE BÚSQUEDA DE LA OPORTUNIDAD
C20: Descripción de la acción | F20: Fecha | G20: Responsable
C21: Incluir en el alcance de la certificación ISO 9001:2015 este servicio | F21: 43466 | G21: Responsable de calidad
C22: Crear un plan comercial con enfoque a clientes que requieran este tipo de servicios | F22: 43524 | G22: Dirección comercial
C23: Realizar acciones comerciales para este tipo de servicios | F23: 43524 | G23: Dirección comercial
C29: REVISION DEL PLAN DE OPORTUNIDAD | F29: Fecha | G29: Responsable
C30: Reunión de seguimiento de los puntos mejorados impresiones y comentarios | F30: 43728 | G30: Responsable de calidad
C32: VERIFICACIÓN DE LA EFECTIVIDAD DEL PLAN DE OPORTUNIDAD
C34: Responsable | F34: Fecha | G34: Firma

Sheet datos de partida
F1: DATOS DE PARTIDA
A2: Límite de calificación de oportunidad | C2: LÍMITE DE CALIFICACIÓN DE RIESGOS: | E2: Tipo | F2: Prioridad | G2: Tratamiento | H2: Categoria | I2: Procesos | K2: Probabilidad | L2: Potencial | M2: Consecuencias | N2: puntuación | O2: Éxito
A3: 12 | C3: 12 | E3: Externo | F3: Emergencia | G3: Ninguna Acción: Aceptar Riesgo por Decisión de la Dirección | H3: Oportunidad | I3: Todos los procesos | K3: 1 | L3: Menor | M3: Leve | N3: 1 | O3: Oportunidad fallida
C4: LÍMITE DE CONSIDERACIÓN DE RIESGOS | E4: Interno | F4: Alta | G4: Registro de Riesgo / Estilo FMEA | H4: Riesgo | I4: PE-01 Planificación del SGC | K4: 2 | L4: Moderado | M4: Moderado | N4: 2 | O4: Oportunidad abandonada
C5: 6 | F5: Media | G5: Análisis de Causa Raíz | H5: Neutral | I5: PE-02 Gestion de las no conformidades | K5: 3 | L5: Grande | M5: Grave | N5: 3 | O5: Cumple algunas expectativas
F6: Baja | G6: Auditoría interna | H6: Mezcla | I6: PE-03 Mejora continua | K6: 4 | L6: Muy grande | M6: Muy grave | N6: 4 | O6: Cumple con todas las expectativas
G7: Análisis de Causa Raíz | I7: PO-01 Gestión de pedidos y contratos con el cliente
G8: Solicitud de Acción Correctiva (CAR) | I8: PO-02 Diseño y desarrollo
G9: Auditoría de proveedores | I9: PO-03 Instalación de sistemas
A10: Datos de Tendencia de Oportunidad | G10: Otras Auditorías | I10: PO-04 Gestión de las compras
A11: Número de Iniciativas de mejora abiertas | C11: =COUNTIF('Registro de oportunidades'!M4:M5,"OPEN") -> 1 | G11: Actividad de revisión por la dirección | I11: PS-01 Gestión comercial
A12: Número de iniciativas de mejora cerradas | C12: =COUNTIF('Registro de oportunidades'!M4:M5,"CLOSED") -> 0 | G12: Ver plan de mitigación planificado en la ficha de riesgo | I12: PS-02 Gestión y control de la información documentada
A13: Total de iniciativas de mejora hasta la fecha | C13: =COUNTA('Registro de oportunidades'!#REF!) -> 1 | G13: Otro | I13: PS-03 Formación y competencia profesional
A14: =O3 -> Oportunidad fallida | C14: =COUNTIF('Registro de oportunidades'!$L$4:$L$5,'datos de partida'!A14) -> 0 | I14: PS-04 Gestión financiera
A15: =O4 -> Oportunidad abandonada | C15: =COUNTIF('Registro de oportunidades'!$L$4:$L$5,'datos de partida'!A15) -> 0
A16: =O5 -> Cumple algunas expectativas | C16: =COUNTIF('Registro de oportunidades'!$L$4:$L$5,'datos de partida'!A16) -> 0 | Q16: (Requerido para factor de riesgo >=
A17: =O6 -> Cumple con todas las expectativas | C17: =COUNTIF('Registro de oportunidades'!$L$4:$L$5,'datos de partida'!A17) -> 1 | Q17: sugerido para factor de riesgo entre
A18: =O7 -> 0 | C18: =COUNTIF('Registro de oportunidades'!$L$4:$L$5,'datos de partida'!A18) -> 0
Q19: =CONCATENATE(Q16,C3,Q18,Q17,C5," and ",C3,")") -> (Requerido para factor de riesgo >=12sugerido para factor de riesgo entre 6 and 12)
A21: Datos de tendencias de riesgo
A22: Riesgos totales procesados | C22: =COUNTA('Registro de riesgos'!D3:D7) -> 5 | Q22: Plan de búsqueda de oportunidades (sugerido para Opp con factor >=)
A23: Riesgos totales que requieren acciones | C23: =COUNTIF('Registro de riesgos'!K3:K15,">="&'datos de partida'!C3) -> 2 | Q23: referencia del documento de planificación externa
A24: Riesgos totales que sugieren acciones | C24: =C22-C23-C25 -> 1
A25: Riesgos totales aceptados sin acciones | C25: =COUNTIF('Registro de riesgos'!K3:K15,"<"&'datos de partida'!C5) -> 2 | Q25: =CONCATENATE(Q22,A3,Q23) -> Plan de búsqueda de oportunidades (sugerido para Opp con factor >=)12 referencia del documento de planificación externa
